 Dungeon Crawl Stone Soup version 0.29.1-12-g30fa7ad0bf (webtiles) character file.

Game seed: 16880134013542156957

576 wormed the Cudgeller (level 7, -3/91 HPs)
             Began as a Minotaur Fighter on Dec 20, 2022.
             Was a Believer of Okawaru.
             Slain by a gnoll sergeant
             ... wielding a +2 vampiric spear
              (10 damage)
             ... on level 5 of the Dungeon.
             The game lasted 00:10:44 (3800 turns).

wormed the Cudgeller (Minotaur Fighter)             Turns: 3800, Time: 00:10:45

Health: -3/91      AC: 12    Str: 22 (23) XL:     7   Next: 12%
Magic:  6/6        EV:  7    Int:  2 (5)  God:    Okawaru [**....]
Gold:   199        SH:  4    Dex:  6 (9)  Spells: 6/6 levels left

rFire   + . .      SeeInvis .   a - +1 flail
rCold   + . .      Faith    .   c - +0 buckler
rNeg    . . .      Spirit   .   i - +0 chain mail
rPois   +          Reflect  .   (helmet restricted)
rElec   +          Harm     .   (no cloak)
rCorr   +          Rampage  .   (no gloves)
Will    .....                   j - +1 pair of boots
Stlth   ..........              (no amulet)
HPRegen 0.25/turn               (no ring)
MPRegen 0.10/turn               (no ring)

@: berserking, resistant, hasted, very quick
A: horns 2, retaliatory headbutt
a: Renounce Religion, Heroism


You were on level 5 of the Dungeon.
You worshipped Okawaru.
Okawaru was pleased with you.
You visited 1 branch of the dungeon, and saw 5 of its levels.

You collected 199 gold pieces.

Inventory:

Hand Weapons
 a - a +1 flail (weapon)
Armour
 c - a +0 buckler (worn)
 i - a +0 chain mail (worn)
 j - a +1 pair of boots (worn)
Jewellery
 r - a ring of fire
 u - a ring of ice
Scrolls
 d - a scroll of butterflies
 f - a scroll of identify
 h - a scroll of vulnerability
 n - a scroll of summoning
Potions
 k - 3 potions of lignification
 l - 2 potions of resistance
 m - 2 potions of degeneration
 o - 3 potions of curing


   Skills:
 + Level 5.4 Fighting
 * Level 6.3 Maces & Flails
 + Level 5.3 Armour
 + Level 5.5 Shields


You had 6 spell levels left.
You didn't know any spells.
Your spell library contained the following spells:

 Spells                   Type           Power      Damage    Failure   Level
 Sublimation of Blood     Necr           0%         N/A       100%        2
 Petrify                  Tmut/Erth      0%         N/A       100%        4
 Irradiate                Conj/Tmut      0%         3d11      100%        5


Dungeon Overview and Level Annotations

Branches:
Dungeon (5/15)
 Temple: D:4-7

Altars:
Okawaru
Qazlal
Wu Jian

Annotations:
D:5 Edmund


Innate Abilities, Weirdness & Mutations

You have a pair of horns on your head.
You reflexively headbutt those who attack you in melee.


Message History

The gnoll sergeant hits you but does no damage.
You block Edmund's attack.
It was a potion of resistance.
You feel protected.
It was a potion of curing.
You feel better. Edmund barely misses you.
The gnoll sergeant hits you from afar with a +2 vampiric spear.
* * * LOW HITPOINT WARNING * * *
It was a potion of berserk rage.
A red film seems to cover your vision as you go berserk!
You feel yourself moving faster!
You feel mighty!
You thump Edmund!
Edmund is lightly wounded.
The gnoll sergeant hits you but does no damage.
You block Edmund's attack.
You hit Edmund but do no damage.
Edmund is lightly wounded.
The gnoll sergeant hits you but does no damage.
Edmund says, "I'm quite good with sums, too."
Edmund hits you with a +0 dire flail of protection.
* * * LOW HITPOINT WARNING * * *
You closely miss Edmund.
Edmund is lightly wounded.
The gnoll sergeant hits you but does no damage.
Edmund hits you with a +0 dire flail of protection!
* * * LOW HITPOINT WARNING * * *
You sock Edmund! Your headbutt misses Edmund.
Edmund is heavily wounded.
The gnoll sergeant completely misses you.
Edmund hits you but does no damage.
You barely miss Edmund. You headbutt Edmund.
Edmund is severely wounded.
You hit Edmund. Your headbutt misses Edmund.
Edmund is severely wounded.
The gnoll sergeant hits you from afar with a +2 vampiric spear.
* * * LOW HITPOINT WARNING * * *
Edmund hits you but does no damage.
You sock Edmund!
Edmund is almost dead.
The gnoll sergeant hits you from afar with a +2 vampiric spear!
You die...

#.# #.#
#.#.#......# #.#
###.###.#.#...##.#
##.#
#[..g.og.>....# ##
.†.#
#.#########...##...
#### #. #.......# #
# ####..##.### #
#.g...# .# #
#.###.# # # #@# .#
## #@# .# .#####
#.# ..
..[..####.#### #$#
## .###.<.†......
..# ## ######.####
### #


You could see Edmund and a gnoll sergeant.

Vanquished Creatures
  Sigmund (D:3)
  A black bear (D:4)
  A hound (D:5)
  A jelly (D:4)
  3 orc wizards (D:5)
  Robin (D:3)
  A gnoll (D:5)
  3 adders
  An ufetubus (D:4)
  A worm (D:2)
  3 dart slugs
  12 orcs
  10 ball pythons
  A bat (D:1)
  6 endoplasms
  2 giant cockroaches
  16 goblins
  10 hobgoblins
  9 jackals
  A quokka (D:4)
  4 frilled lizards
  5 kobolds
  8 rats
101 creatures vanquished.

Notes
Turn   | Place    | Note
-------+----------+-------------------------------------------
     0 | D:1      | wormed the Minotaur Fighter began the quest for the Orb.
     0 | D:1      | Reached XP level 1. HP: 19/19 MP: 0/0
    82 | D:1      | Reached XP level 2. HP: 27/27 MP: 1/1
   315 | D:1      | Reached skill level 3 in Maces & Flails
   810 | D:2      | Reached XP level 3. HP: 33/33 MP: 2/2
  1734 | D:3      | Found an iron altar of Okawaru.
  1744 | D:3      | Became a worshipper of Warmaster Okawaru
  1776 | D:3      | Reached XP level 4. HP: 40/40 MP: 3/3
  1851 | D:3      | Found an ornate altar of the Wu Jian Council.
  1906 | D:3      | Found a stormy altar of Qazlal.
  1925 | D:3      | Reached skill level 4 in Maces & Flails
  2114 | D:3      | Noticed Sigmund
  2139 | D:3      | Killed Sigmund
  2139 | D:3      | Reached * piety under Okawaru
  2140 | D:3      | Reached skill level 5 in Maces & Flails
  2140 | D:3      | Reached XP level 5. HP: 30/47 MP: 4/4
  2262 | D:3      | Noticed Robin
  2284 | D:3      | Killed Robin
  2285 | D:3      | Reached XP level 6. HP: 43/55 MP: 5/5
  2611 | D:4      | Reached skill level 5 in Fighting
  2698 | D:4      | Reached skill level 5 in Shields
  3048 | D:4      | Reached skill level 5 in Armour
  3560 | D:5      | Entered Level 5 of the Dungeon
  3584 | D:5      | Reached skill level 6 in Maces & Flails
  3611 | D:5      | Reached XP level 7. HP: 54/61 MP: 6/6
  3615 | D:5      | Reached ** piety under Okawaru
  3786 | D:5      | Noticed Edmund
  3800 | D:5      | Slain by a gnoll sergeant

Illustrated notes

Levels and vault maps discovered:
D:1:      eino_arrival_cavern_a, layout_basic
D:2:      layout_loops_ring, minmay_pentomino_p4
D:3:      layout_rooms, mainiacjoe_overflow_catch_the_wave,
          overflow_temple_1_default, uniq_sigmund, uniq_robin
D:4:      layout_basic, kennysheep_small_circle
D:5:      layout_loops_ring, gammafunk_temple_overflow_claw, uniq_edmund

Skill      XL: |  1  2  3  4  5  6 |
---------------+-------------------+-----
Maces & Flails | 3 5 6 |  6.3
Fighting       | 4 5 |  5.4
Armour         | 4 5 |  5.3
Shields        | 4 5 |  5.5

Action                   |  1- 3 |  4- 6 |  7- 9 || total
-------------------------+-------+-------+-------++-------
Melee: Flail             |   116 |   119 |    27 ||   262
       Headbutt          |    17 |    15 |     4 ||    36
  Use: Potion            |       |     1 |     6 ||     7
       Scroll            |       |    14 |       ||    14
Armor: Scale mail        |    17 |       |       ||    17
       Chain mail        |    45 |    67 |    15 ||   127
Dodge: Dodged            |    49 |    42 |     4 ||    95
Block: Buckler           |    23 |    31 |     4 ||    58
